 Dungeon Crawl Stone Soup version 0.27-a0-1312-g5cdb2b3542 (webtiles) character file.

Game seed: 5266874206137031635

4495 hilljack the Geomancer (level 10, -6/59 HPs)
             Began as a Gargoyle Earth Elementalist on June 21, 2021.
             Mangled by a death yak (9 damage)
             ... on level 7 of the Dungeon.
             The game lasted 00:24:16 (8084 turns).

hilljack the Geomancer (GrEE)                       Turns: 8084, Time: 00:24:16

Health: -6/59      AC: 11    Str: 12    XL:     10   Next: 38%
Magic:  15/18      EV: 14    Int: 25    God:
Gold:   670        SH:  5    Dex: 20    Spells: 4/20 levels left

rFire    + + +     SeeInvis +   b - +3 short sword
rCold    x . .     Faith    .   (no shield)
rNeg     + . .     Spirit   .   j - +0 robe
rPois    ∞         Reflect  +   w - +1 helmet
rElec    +         Harm     .   (no cloak)
rCorr    .         Rampage  .   (no gloves)
Will     .....                  (no boots)
Stlth    ++........             m - amulet of Amnion {Reflect rF+ Slay+3 SH+5 SInv}
HPRegen  0.19/turn              C - +6 ring of dexterity
MPRegen  0.16/turn              g - ring of Jealousy {rPois rF++ rC- Int+6 Dex+4}

@: no status effects
A: sickness immunity, AC +7, negative energy resistance 1, electricity
resistance, torment resistance 1, petrification resistance
a: no special abilities


You were on level 7 of the Dungeon.
You visited 2 branches of the dungeon, and saw 9 of its levels.

You collected 1264 gold pieces.
You spent 594 gold pieces at shops.

Inventory:

Hand Weapons
 a - a +1 hunting sling of flaming
 b - a +3 short sword (weapon)
 s - a +0 whip of freezing
 B - a +1 quarterstaff of speed
Missiles
 c - 109 stones
 D - 16 sling bullets
Armour
 j - a +0 robe (worn)
 w - a +1 helmet (worn)
Jewellery
 e - a ring of see invisible
 g - the ring of Jealousy (right hand) {rPois rF++ rC- Int+6 Dex+4}
   (You acquired it on level 4 of the Dungeon)

   [ring of intelligence]

   It affects your intelligence (+6).
   It affects your dexterity (+4).
   It greatly protects you from fire.
   It makes you vulnerable to cold.
   It protects you from poison.
 m - the amulet of Amnion (around neck) {Reflect rF+ Slay+3 SH+5 SInv}
   (You acquired it on level 1 of the Dungeon)

   [amulet of reflection]

   It reflects blocked missile attacks.
   It affects your accuracy and damage with ranged weapons and melee attacks
   (+3).
   It protects you from fire.
   It lets you see invisible.
   It affects your SH (+5).
 y - a ring of protection from fire
 C - a +6 ring of dexterity (left hand)
Wands
 p - a wand of digging (10)
 t - a wand of acid (21)
 z - a wand of flame (11)
Scrolls
 d - 2 scrolls of fog
 f - 5 scrolls of teleportation
 h - 5 scrolls of enchant weapon
 k - 3 scrolls of amnesia
 l - a scroll of magic mapping
 n - 3 scrolls of identify
 o - 4 scrolls of immolation
 r - a scroll of fear
Potions
 i - 3 potions of brilliance
 q - 3 potions of curing
 u - a potion of haste
 v - 4 potions of heal wounds
 x - a potion of magic
 A - a potion of mutation


   Skills:
 + Level 5.2 Fighting
 - Level 3.0 Slings
 + Level 4.3 Dodging
 - Level 2.1 Stealth
 + Level 5.5 Spellcasting
 * Level 8.4 Conjurations
 - Level 0.7 Transmutations
 * Level 10.4 Earth Magic


You had 4 spell levels left.
You knew the following spells:

 Your Spells              Type           Power      Damage    Failure   Level
a - Sandblast             Erth           100%       2d20      1%          1
b - Passwall              Tmut/Erth      28%        N/A       1%          2
c - Magic Dart            Conj           100%       1d8       1%          1
d - Stone Arrow           Conj/Erth      100%       3d13      1%          3
e - Lee's Rapid Deconstr  Erth           28%        3d16*     3%          5
f - Petrify               Tmut/Erth      34%        N/A       8%          4

Your spell library contained the following spells:

 Spells                   Type           Power      Damage    Failure   Level
 Searing Ray              Conj           98%        3d7       1%          2
 Dazzling Flash           Conj/Hex       54%        N/A       4%          3
 Sting                    Tmut/Pois      32%        1d4       7%          1
 Summon Small Mammal      Summ           24%        N/A       8%          1
 Mephitic Cloud           Conj/Pois/Air  20%        N/A       8%          3
 Call Imp                 Summ           6%         N/A       12%         2
 Poisonous Vapours        Pois/Air       12%        N/A       12%         2
 Fulminant Prism          Conj/Hex       13%        3d9       14%         4
 Iskenderun's Mystic Bla  Conj/Tloc      27%        2d7       14%         4
 Ignite Poison            Fire/Tmut/Pois 8%         N/A       22%         3
 Call Canine Familiar     Summ           6%         N/A       24%         3
 Summon Guardian Golem    Hex/Summ       6%         N/A       24%         3
 Olgreb's Toxic Radiance  Pois           6%         N/A       61%         4
 Summon Ice Beast         Ice/Summ       6%         N/A       61%         4
 Summon Lightning Spire   Summ/Air       6%         N/A       61%         4


Dungeon Overview and Level Annotations

Branches:
Dungeon (8/15)             Temple (1/1) D:6            Lair (0/6) D:8

Altars:
Cheibriados
Elyvilon
Fedhas
Gozag
Hepliaklqana
Kikubaaqudgha
Makhleb
Okawaru
Qazlal
Ru
Trog
Uskayaw
Vehumet
Wu Jian
Xom
Yredelemnul
Zin
The Shining One

Shops:
D:1 ?   D:4 =


Innate Abilities, Weirdness & Mutations

You are immune to sickness and miasma.
Your stone body is resilient. (AC +7)
You are immune to poison.
You resist negative energy. (rN+)
You are resistant to electric shocks. (rElec)
You are resistant to unholy torment.
You are immune to petrification.


Message History

There is an escape hatch in the floor here.
The death yak barely misses you.
Aiming: Lee's Rapid Deconstruction (dangerous; 3% risk of failure)
Press: ? - help, Q - select action, (/) - cycle Dir - move target, p - death yak A rock wall.
Okay, then.
Casting: Lee's Rapid Deconstruction (dangerous; 3% risk of failure)
Confirm with . or Enter, or press ? or * to list all spells.
Aiming: Petrify (dangerous; 8% risk of failure)
Press: ? - help, Shift-Dir - straight line, f/p - death yak
Aim: a death yak (chance to affect: 6%)
The death yak resists with almost no effort.
The death yak snorts and paws the ground.
There is an escape hatch in the floor here.
There is a stone staircase leading up here.
The blast of sand misses the death yak.
The death yak gores you!!
You are too injured to fight recklessly!
You are too injured to fight recklessly!
Aiming: Sandblast (safe; 1% risk of failure)
Press: ? - help, Q - select action, (/) - cycle Shift-Dir - straight line, f/p - death yak
Aim: a death yak (94% to hit)
The blast of sand hits the death yak!
The death yak is lightly wounded.
The death yak barely misses you.
Aiming: Sandblast (safe; 1% risk of failure)
Press: ? - help, Q - select action, (/) - cycle Shift-Dir - straight line, f/p - death yak
Aim: a death yak (lightly wounded, 94% to hit)
The blast of sand hits the death yak but does no damage.
The death yak is lightly wounded.
You block the death yak's attack.
Aiming: Sandblast (safe; 1% risk of failure)
Press: ? - help, Q - select action, (/) - cycle Shift-Dir - straight line, f/p - death yak
Aim: a death yak (lightly wounded, 94% to hit)
The blast of sand hits the death yak!
The death yak is moderately wounded.
The death yak gores you!!
* * * LOW HITPOINT WARNING * * *
You see here a +0 whip.
The death yak gores you!
You die...

###############........
#................######
##.....#########..#
#..........# #..#
#......###.## #..#
#......##...####..#
#.#...............#
##.#..####...####..#
#..#..# #..#
#.###.#####..# #..# #.#
#.#####..####[.# # #.#
#..............######
#.#
#######..#####.##....
#.# #........>..... #.#
####.###...#### #.#
###.####..#### #.#
#.....##....##


You could see a death yak.

Vanquished Creatures
  A two-headed ogre (D:6)
  Pikel (D:4)
  Joseph (D:7)
  Grinder (D:6)
  Prince Ribbit (D:5)
  Sigmund (D:6)
  2 wyverns (D:6)
  A steam dragon (D:6)
  Edmund (D:5)
  2 water moccasins (D:7)
  An ice beast (D:6)
  4 ogres
  A necrophage (D:6)
  2 centaurs
  2 phantoms
  A lemure (D:5)
  A kobold brigand (D:7)
  4 scorpions
  Blork the orc (D:5)
  A water moccasin zombie (D:6)
  A water moccasin skeleton (D:5)
  A wight (D:8)
  2 howler monkeys
  3 hounds
  2 bullfrog skeletons (D:6)
  An orc priest (D:4)
  A gnoll shaman (D:4)
  2 jellies
  Jessica (D:3)
  An orc wizard (D:3)
  A gnoll (D:3)
  3 howler monkey skeletons
  4 adders
  2 shadow imps
  A white imp (D:6)
  An adder skeleton (D:4)
  2 worms (D:2)
  2 dart slugs (D:1)
  17 orcs
  7 ball pythons
  11 endoplasms
  4 giant cockroaches
  6 goblins
  8 hobgoblins
  5 jackals (D:2)
  2 quokkas (D:3)
  4 bats
  4 frilled lizards
  16 kobolds
  7 rats
152 creatures vanquished.

Notes
Turn   | Place    | Note
-------+----------+-------------------------------------------
     0 | D:1      | hilljack the Gargoyle Earth Elementalist began the quest
                  | for the Orb.
     0 | D:1      | Reached XP level 1. HP: 10/10 MP: 3/3
   320 | D:1      | Reached skill level 4 in Earth Magic
   381 | D:1      | Reached XP level 2. HP: 15/15 MP: 3/5
   773 | D:1      | Reached XP level 3. HP: 10/19 MP: 3/6
   958 | D:1      | Found Iduemitti's Magic Scroll Shoppe.
  1003 | D:1      | Bought a scroll of identify for 22 gold pieces
  1018 | D:1      | Learned a level 2 spell: Passwall
  1020 | D:1      | Learned a level 1 spell: Magic Dart
  1491 | D:2      | Learned a level 3 spell: Stone Arrow
  1519 | D:2      | Reached skill level 5 in Earth Magic
  1829 | D:2      | Reached skill level 1 in Conjurations
  1829 | D:2      | Reached XP level 4. HP: 24/24 MP: 5/7
  2342 | D:3      | Found a faded altar of an unknown god.
  2404 | D:3      | Noticed Jessica
  2409 | D:3      | Killed Jessica
  2489 | D:3      | Found a stormy altar of Qazlal.
  2711 | D:3      | Reached XP level 5. HP: 28/28 MP: 9/9
  3007 | D:3      | HP: 1/28 [orc (3)]
  3022 | D:3      | Found a hazy altar of Hepliaklqana.
  3315 | D:4      | Found Wimuuf's Jewellery Boutique.
  3575 | D:4      | Identified a scroll of acquirement
  3576 | D:4      | Acquired the ring of Jealousy {rPois rF++ rC- Int+6 Dex+4}
  3616 | D:4      | Acquired 752 gold pieces
  3712 | D:1      | Bought a scroll of acquirement for 572 gold pieces
  3712 | D:1      | Acquired the amulet of Amnion {Reflect rF+ Slay+3 SH+5
                  | SInv}
  3771 | D:4      | Noticed an ogre
  3778 | D:3      | Reached skill level 1 in Slings
  3900 | D:4      | Reached XP level 6. HP: 32/32 MP: 7/10
  3924 | D:4      | Reached skill level 6 in Earth Magic
  4422 | D:5      | Entered Level 5 of the Dungeon
  4430 | D:5      | Noticed Prince Ribbit
  4433 | D:5      | Killed Prince Ribbit
  4434 | D:5      | Reached skill level 1 in Fighting
  4434 | D:5      | Reached XP level 7. HP: 38/38 MP: 9/12
  4474 | D:5      | Noticed Pikel
  4507 | D:4      | Killed Pikel
  4508 | D:4      | Reached skill level 5 in Conjurations
  4508 | D:4      | Reached skill level 7 in Earth Magic
  4508 | D:4      | Reached XP level 8. HP: 32/44 MP: 7/13
  4631 | D:5      | Noticed Blork the orc
  4637 | D:5      | Killed Blork the orc
  4775 | D:5      | Noticed Edmund
  4778 | D:5      | Killed Edmund
  5208 | D:5      | Reached skill level 8 in Earth Magic
  5252 | D:5      | Found a burning altar of Makhleb.
  5480 | D:6      | Found a bloodstained altar of Trog.
  5499 | D:6      | Found a staircase to the Ecumenical Temple.
  5511 | Temple   | Entered the Ecumenical Temple
  5852 | D:6      | Found a radiant altar of Vehumet.
  5917 | D:6      | Reached XP level 9. HP: 51/51 MP: 11/15
  6052 | D:6      | Noticed Sigmund
  6057 | D:6      | Killed Sigmund
  6079 | D:6      | Noticed Grinder
  6259 | D:6      | Noticed a two-headed ogre
  6335 | D:6      | Reached skill level 9 in Earth Magic
  6544 | D:6      | Killed a two-headed ogre
  6545 | D:6      | Reached skill level 5 in Spellcasting
  6572 | D:6      | Reached XP level 10. HP: 54/58 MP: 13/17
  6583 | D:6      | Killed Grinder
  6584 | D:6      | Reached skill level 10 in Earth Magic
  7021 | D:7      | Reached skill level 5 in Fighting
  7132 | D:7      | Learned a level 5 spell: Lee's Rapid Deconstruction
  7195 | D:7      | Learned a level 4 spell: Petrify
  7583 | D:7      | Noticed Joseph
  7586 | D:7      | Killed Joseph
  7922 | D:8      | Found a staircase to the Lair.
  7922 | D:8      | Noticed a death yak
  7923 | D:8      | Noticed a death yak
  7930 | D:8      | Noticed a death yak
  8082 | D:7      | HP: 2/59 [death yak (21)]
  8084 | D:7      | Mangled by a death yak

Illustrated notes

Levels and vault maps discovered:
D:1:      eino_arrival_cavern_d, layout_basic, serial_shops, shop_fountains
D:2:      layout_loops_ring, serial_rivers, chequers_serial_rivers_marsh,
          chequers_serial_rivers_large_a, chequers_serial_rivers_large_b,
          chequers_serial_rivers_micro_a, chequers_serial_rivers_small_3
D:3:      layout_rooms, nicolae_hepliaklqana_hippocampus, grunt_qazlal_clouds,
          shapermc_ecumenical_altar_starsandcircs, minmay_close_crescents,
          uniq_jessica
D:4:      layout_rooms, serial_shops, shop, minmay_circle_x
D:5:      layout_basic, kennysheep_mini, kennysheep_big_empty_room, uniq_edmund,
          uniq_pikel, uniq_blork_the_orc, uniq_prince_ribbit1
D:6:      kennysheep_windowed_halls, layout_cave_pools, general_overflow_altar,
          amcnicky_altar_gilded, temple_pool_b, uniq_sigmund, uniq_grinder
D:7:      layout_loops_ring, serial_bayou_crossing, uniq_joseph
D:8:      layout_basic, dpeg_lair_monsters, minmay_puff
Temple:   nicolae_temple_god_jail

Skill      XL: |  1  2  3  4  5  6  7  8  9 10 |
---------------+-------------------------------+-----
Earth Magic    | 4 5 6 7 8 9 10 | 10.4
Conjurations   | 1 2 4 5 6 7 8 |  8.4
Spellcasting   | 3 4 5 |  5.5
Slings         | 1 2 3 |  3.0
Fighting       | 1 2 3 4 5 |  5.2
Dodging        | 2 3 4 |  4.3
Stealth        | |  2.1
Transmutations | |  0.7

Action                   |  1- 3 |  4- 6 |  7- 9 | 10-12 || total
-------------------------+-------+-------+-------+-------++-------
Melee: Whip              |     6 |       |       |       ||     6
       Short sword       |       |    33 |       |    20 ||    53
 Fire: Hunting sling     |       |    28 |     2 |       ||    30
 Cast: Sandblast         |    55 |    54 |    74 |    29 ||   212
       Lee's Rapid Decon |       |       |       |    14 ||    14
       Passwall          |       |       |       |     1 ||     1
       Petrify           |       |       |       |     1 ||     1
Evoke: Wand              |       |       |     1 |       ||     1
  Use: Scroll            |     1 |    13 |     5 |     1 ||    20
       Potion            |       |     2 |       |       ||     2
 Stab: Sleeping          |       |     2 |       |       ||     2
Armor: Robe              |     7 |    22 |    15 |    15 ||    59
Dodge: Dodged            |    13 |    36 |    13 |    21 ||    83
Block: Other             |       |     3 |     1 |     9 ||    13
       Reflection        |       |       |       |     2 ||     2

Table legend: (Time is in decaauts)
 A = Elapsed time spent in this place.
 B = Non-inter-level travel time spent in this place.
 C = Inter-level travel time spent in this place.
 D = Time resting spent in this place.
 E = Time spent auto-exploring this place.
 F = Levels seen in this place.
 G = Mean time per level.
                   A        B        C        D        E       F      G
               +--------+--------+--------+--------+--------+-----+--------+
         Total |   8157 |   7754 |    403 |   1339 |   5065 |   9 |  906.3 |
       Dungeon |   8092 |   7697 |    395 |   1339 |   5031 |   8 | 1011.5 |
        Temple |     64 |     57 |      7 |      0 |     34 |   1 |   64.0 |
               +--------+--------+--------+--------+--------+-----+--------+

Top non-repeatable levels by time:
     D:2: 1310 daAuts
     D:7: 1303 daAuts
     D:6: 1226 daAuts
     D:1: 1188 daAuts
     D:3: 1168 daAuts
     D:5: 974 daAuts
     D:4: 907 daAuts
  Temple: 64 daAuts
     D:8: 13 daAuts
